 Dungeon Crawl Stone Soup version 0.31.0-11-ge490571c62 (webtiles) character file.

Game seed: 6861002796886953714

72 bearlyready the Ruffian (level 4, 0/28 HPs)
             Began as an Octopode Shapeshifter on Feb 7, 2024.
             Slain by a gnoll
             ... wielding a +0 halberd
              (10 damage)
             ... on level 2 of the Dungeon.
             The game lasted 00:00:57 (1166 turns).

bearlyready the Ruffian (Octopode Shapeshifter)     Turns: 1166, Time: 00:00:57

Health: 0/28       AC:  1    Str: 15    XL:     4   Next: 25%
Magic:  4/4        EV: 13    Int: 12    God:
Gold:   26         SH:  0    Dex: 11    Spells: 3/3 levels left

rFire   . .          .
                       - Unarmed
rCold   . . .        (no shield)
rNeg    . . .        (helmet currently unavailable)
rPois   .            (no amulet)
rElec   .            (no ring)
rCorr   .            (no ring)
SInv    .            (no ring)
Will    .....        (no ring)
Stlth   ++           (no ring)
HPRegen 0.24/turn    (no ring)
MPRegen 0.09/turn    (no ring)
                     (no ring)

%: no passive effects
@: beast-form
A: beast (slay +2), almost no armour, amphibious, 8 rings, camouflage 1,
gelatinous body 1, (nimble swimmer 1), tentacles
a: Begin Untransformation


You were on level 2 of the Dungeon.
You were a hulking beast.
You visited 1 branch of the dungeon, and saw 2 of its levels.

You collected 26 gold pieces.

Inventory:

Missiles
 e - 9 stones (quivered)
 l - 5 poisoned darts
Talismans
 b - a beast talisman
 c - a flux talisman
 f - a serpent talisman
 h - a beast talisman
Scrolls
 j - a scroll of torment {unknown}
 k - 2 scrolls of identify {unknown}
 n - a scroll of enchant weapon {unknown}
 o - a scroll of revelation {unknown}
Potions
 a - a potion of lignification
 d - a potion of brilliance {unknown}
 g - 2 potions of heal wounds {unknown}
 i - a potion of attraction {unknown}
 m - a potion of enlightenment {unknown}


   Skills:
 - Level 1.0 Fighting
 - Level 2.0 Dodging
 + Level 4.1 Unarmed Combat
 + Level 3.9 Shapeshifting


You had 3 spell levels left.
You didn't know any spells.
Your spell library contained the following spells:

 Spells                   Type           Power      Damage    Failure   Level
 Stone Arrow              Conj/Erth      0%         3d7       69%         3
 Lehudib's Crystal Spear  Conj/Erth      0%         10d2      100%        8
 Animate Armour           Summ/Erth      Unusable   N/A       N/A         4

Dungeon Overview and Level Annotations

Branches:
Dungeon (2/15)

Altars:


Innate Abilities, Weirdness & Mutations

You are a hulking beast.
Your limbs bulge with bestial killing power. (Slay +2)
You cannot wear most types of armour.
You are amphibious.
You can wear up to eight rings at the same time.
Your skin changes colour to match your surroundings (Stealth+).
Your rubbery body absorbs attacks. (AC +1, EV +1)
((You are camouflaged when in or above water. (Stealth+)))
You have tentacles for arms and can constrict up to eight enemies at once.


Message History

A goblin comes into view. It is wielding a +0 dagger.
The goblin moves out of view.
Found an escape hatch in the ceiling.
A hobgoblin comes into view.
A hobgoblin is nearby!
The hobgoblin shouts!
You tentacle-slap the hobgoblin. You grab the hobgoblin.
You squeeze the hobgoblin.
You kill the hobgoblin!
No target in view!
No target in view!
No target in view!
No target in view!
No target in view!
No target in view!
A bat comes into view.
The bat moves out of view.
An endoplasm comes into view.
A gnoll comes into view. It is wielding a +0 spear.
There are monsters nearby! 2 gnolls come into view.
The gnoll shouts!
The gnoll barely misses you.
A giant cockroach comes into view.
The gnoll moves out of view.
The gnoll hits you with a +0 spear!
The endoplasm quivers.
You tentacle-slap the gnoll. You grab the gnoll.
The gnoll is moderately wounded.
You constrict the gnoll, but do no damage.
The gnoll hits you with a +0 spear.
You tentacle-slap the gnoll. Your squeeze misses the gnoll.
The gnoll is severely wounded.
You constrict the gnoll. The gnoll misses you. The gnoll closely misses you.
The gnoll shouts!
You bludgeon the gnoll!
You kill the gnoll!
The gnoll hits you from afar with a +0 halberd!
The giant cockroach bites you. The gnoll hits you with a +0 halberd!
You die...

#.# ####### #.# ##.##
##.###.#.##
##.....###.#
........###.#.##
#######.####.##
.........###.#######.
#...J).............
#.###h.#...########
#Bg#.### ..g.#.#
###.#... .###.. .#
##.. . .. ..#


You could see 2 gnolls, an endoplasm and a giant cockroach.

Vanquished Creatures
  Natasha (D:2)
  A gnoll (D:2)
  2 dart slugs
  4 endoplasms (D:1)
  3 goblins (D:1)
  4 hobgoblins
  8 kobolds
  2 quokkas (D:1)
  2 ball pythons
  2 rats (D:1)
29 creatures vanquished.

Notes
Turn   | Place    | Note
-------+----------+-------------------------------------------
     0 | D:1      | bearlyready the Octopode Shapeshifter began the quest for
                  | the Orb.
     0 | D:1      | Reached XP level 1. HP: 13/13 MP: 1/1
   108 | D:1      | Reached XP level 2. HP: 18/18 MP: 2/2
   629 | D:1      | Reached XP level 3. HP: 15/23 MP: 3/3
  1086 | D:2      | Noticed Natasha
  1095 | D:2      | Killed Natasha
  1096 | D:2      | Reached skill level 4 in Unarmed Combat
  1096 | D:2      | Reached XP level 4. HP: 23/28 MP: 4/4
  1166 | D:2      | Slain by a gnoll

Illustrated notes

Levels and vault maps discovered:
D:1:      kennysheep_arrival_forest, layout_basic
D:2:      layout_loops_ring, chequers_ecumenical_altar_island, uniq_natasha

Skill      XL: |  1  2  3 |
---------------+----------+-----
Unarmed Combat | 4 |  4.1
Fighting       | |  1.0
Dodging        | |  2.0
Shapeshifting  | |  3.9

Action                     |  1- 3 |  4- 6 || total
---------------------------+-------+-------++-------
  Melee: Unarmed           |    51 |     4 ||    55
         Constrict         |    14 |     2 ||    16
         Tentacles         |    12 |     1 ||    13
         Punch             |     1 |       ||     1
   Stab: Sleeping          |     4 |       ||     4
 Armour: Skin              |    17 |     5 ||    22
  Dodge: Dodged            |    24 |     3 ||    27
